AoeStats
← [RZ] HardZeeiRa-BR

Arabia

509524043Analyzed
4v4 RM · 5d ago on Sep 27, 2026· 29m 55s· 8 players
Game mode
Random Map
Map size
Large (8 player)
Population
200
Speed
Normal
Resources
Standard
Victory
Conquest
Starting age
Dark Age
Ending age
Imperial Age
RankedLock teamsTeams togetherTeam positionsShared explorationLock speedFull tech treeHidden civsTurbo modeCheats
Victory
Defeat
🇺🇸 Tatars · United States
1199
+14
🇺🇸 Franks · United States
1164
+16
🇲🇽 Khmer · Mexico
1153
+16
🇲🇽 Japanese · Mexico
1134
+17
🇧🇷 Varangians · Brazil
1212
-19
🇧🇷 Britons · Brazil
1205
-18
🇨🇴 Malians · Colombia
1102
-13
🇧🇷 Persians · Brazil
1094
-13
Quimimoshly06
8:24 Loom
10:48 Feudal Age
11:30 Double-Bit Axe
11:39 Town Watch
18:46 Forging
18:45 Scale Barding Armor
20:08 Forging
29:32 Castle Age
29:23 Fletching
30:51 Wheelbarrow
Solaire (Praise the Sun)
5:58 Loom
9:29 Feudal Age
17:38 Scale Barding Armor
19:17 Forging
23:44 Castle Age
23:38 Wheelbarrow
22:53 Double-Bit Axe
23:02 Gold Mining
23:03 Stone Mining
25:15 Husbandry
26:31 Chain Barding Armor
30:24 Iron Casting
FullmetalZimm
6:50 Loom
9:38 Feudal Age
10:10 Double-Bit Axe
14:21 Fletching
18:35 Wheelbarrow
22:51 Castle Age
22:17 Padded Archer Armor
22:33 Horse Collar
22:45 Gold Mining
24:01 Bow Saw
25:12 Bloodlines
25:07 Husbandry
26:18 Bodkin Arrow
27:45 Ballistics
29:39 Hand Cart
Dafixios
6:54 Loom
9:24 Feudal Age
10:23 Double-Bit Axe
16:18 Fletching
17:11 Padded Archer Armor
21:41 Castle Age
19:52 Horse Collar
22:49 Thumb Ring
22:47 Husbandry
23:35 Wheelbarrow
26:02 Bodkin Arrow
27:34 Scale Barding Armor
27:57 Ballistics
28:12 Bow Saw
30:48 Chain Barding Armor
Zombie
10:29 Feudal Age
10:34 Man-at-Arms
12:07 Loom
18:03 Fletching
21:57 Castle Age
19:59 Padded Archer Armor
19:53 Double-Bit Axe
20:27 Gold Mining
22:00 Crossbowman
PaidoJoaozinho
0:52 Loom
10:47 Feudal Age
13:09 Fletching
14:02 Padded Archer Armor
16:05 Man-at-Arms
JOÃOZINHO/DO ARÁBIA
8:18 Loom
10:35 Feudal Age
24:04 Forging
28:56 Castle Age
27:06 Double-Bit Axe
27:03 Horse Collar
27:14 Gold Mining
28:02 Bloodlines
28:01 Scale Barding Armor
[RZ] HardZeeiRa-BR
6:23 Loom
8:57 Feudal Age
10:29 Double-Bit Axe
16:04 Bloodlines
17:54 Wheelbarrow
20:28 Horse Collar
22:51 Castle Age
21:14 Scale Barding Armor
21:41 Forging
21:59 Gold Mining
24:31 Iron Casting
24:58 Bow Saw
25:12 Husbandry
28:12 Chain Barding Armor
Connection lost

Rejoining the realm…

Still unreachable

The connection could not be restored.

Session expired

The server has moved on; the page needs a fresh start.